 Dungeon Crawl Stone Soup version 0.22-a0-254-gaf95ca0 (webtiles) character file.

113248 RoseArtemis the Warrior (level 16, -2/159 HPs)
             Began as a Minotaur Fighter on Mar 4, 2018.
             Was the Champion of Trog.
             Slain by a naga
             ... wielding a +0 glaive
              (5 damage)
             ... on level 1 of the Snake Pit.
             The game lasted 01:22:25 (35125 turns).

RoseArtemis the Warrior (Minotaur Fighter)         Turns: 35125, Time: 01:22:26

Health: -2/159     AC: 30    Str: 23    XL:     16   Next: 13%
Magic:  0/15       EV:  9    Int:  6    God:    Trog [******]
Gold:   1069       SH: 17    Dex: 18    Spells: 15/15 levels left

rFire    . . .     SeeInvis .   U - +5 flail (drain)
rCold    . . .     Gourm    .   Q - +2 shield
rNeg     . . .     Faith    .   t - +3 crystal plate armour
rPois    .         Spirit   +   (helmet restricted)
rElec    .         Reflect  .   m - +2 cloak
rCorr    .         Harm     .   v - +0 pair of gloves
MR       +++..                  (no boots)
Stlth    ..........             l - amulet of guardian spirit
HPRegen  1.36/turn              L - +4 ring of dexterity
MPRegen  0.14/turn              J - +4 ring of evasion

@: lethally poisoned (-2 -> -3), about to teleport, regenerating, hasted,
constricted, studying Bows, very quick
A: retaliatory headbutt, horns 2
a: Berserk, Trog's Hand, Brothers in Arms, Renounce Religion


You were on level 1 of the Snake Pit.
You worshipped Trog.
Trog was exalted by your worship.
You were not hungry.

You visited 5 branches of the dungeon, and saw 25 of its levels.

You collected 2308 gold pieces.
You spent 1239 gold pieces at shops.

Inventory:

Hand Weapons
 a - a +2 shortbow of velocity
 e - a +2 flail of protection
 r - the +8 rapier "Kabau" {venom, -Tele rPois MR+++ Str+4 SInv}
   (You found it on level 13 of the Dungeon)

   It poisons the flesh of those it strikes.
   It affects your strength (+4).
   It protects you from poison.
   It affects your resistance to hostile enchantments.
   It lets you see invisible.
   It prevents most forms of teleportation.
 U - a +5 flail of draining (weapon)
 W - a +4 antimagic lajatang
Missiles
 j - 330 arrows
Armour
 m - a +2 cloak (worn)
 t - a +3 crystal plate armour (worn)
 v - a +0 pair of gloves (worn)
 O - the +2 ring mail of the Vestibule of Hell {rPois}
   (You found it on level 5 of the Lair of Beasts)

   It protects you from poison.
 Q - a +2 shield (worn)
Jewellery
 c - an uncursed ring of resist corrosion
 h - a +2 ring of slaying {unknown}
 l - an amulet of guardian spirit (around neck)
 G - an uncursed ring of see invisible
 H - an uncursed amulet of the gourmand
 J - a +4 ring of evasion (right hand)
 L - a +4 ring of dexterity (left hand)
 Y - a +2 ring of protection
Wands
 n - a wand of iceblast (5)
 x - a wand of random effects (20)
 D - a wand of digging (35)
 E - a wand of polymorph (39)
 N - a wand of flame (42)
 V - a wand of acid (12)
Scrolls
 b - a scroll of summoning {unknown}
 i - a scroll of silence {unknown}
 k - 3 scrolls of magic mapping
 o - 12 scrolls of remove curse
 p - 3 scrolls of teleportation
 q - 2 scrolls of vulnerability {unknown}
 s - 2 scrolls of fog
 u - a scroll of identify
 w - 2 scrolls of amnesia {unknown}
 A - 3 scrolls of immolation
 I - 2 scrolls of enchant weapon
 R - a scroll of holy word {unknown}
 Z - 2 scrolls of brand weapon
Potions
 d - 5 potions of flight
 g - a potion of resistance {unknown}
 B - a potion of haste
 C - 2 potions of brilliance
 F - 2 potions of ambrosia {unknown}
 K - 2 potions of magic
 M - 2 potions of invisibility {unknown}
Books
 X - a manual of Bows
Comestibles
 f - 33 rations


   Skills:
 + Level 18.8 Fighting
 * Level 8.4 Short Blades
 - Level 14.0(15.1) Maces & Flails
 - Level 10.3(13.3) Staves
 - Level 7.8 Bows
 - Level 12.4 Armour
 + Level 7.1 Dodging
 - Level 15.0 Shields


You had 15 spell levels left.
You didn't know any spells.

Dungeon Overview and Level Annotations

Branches:
Dungeon (15/15)            Temple (1/1) D:7            Lair (6/6) D:10
 Shoals (0/4) Lair:3        Snake (1/4) Lair:3        Slime (0/5) Lair:6
    Orc (2/2) D:11            Elf (0/3) Orc:2        Vaults (0/5) D:14
 Depths (0/5) D:15

Altars:
Ashenzari
Cheibriados
Dithmenos
Elyvilon
Fedhas
Gozag
Hepliaklqana
Kikubaaqudgha
Makhleb
Nemelex Xobeh
Okawaru
Qazlal
Ru
Sif Muna
Trog
Uskayaw
Vehumet
Wu Jian
Xom
Yredelemnul
Zin
The Shining One
Beogh

Shops:
D:5 *   D:7 ?   D:13 %   D:14 [   Orc:2 [*?([:**

Portals:
Trove: D:12 (give 2 scrolls of acquirement)


Innate Abilities, Weirdness & Mutations

You reflexively headbutt those who attack you in melee.
You have a pair of horns on your head.


Message History

The creatures around you are filled with an inner flame!
It was a scroll of immolation.
You feel sick. You block the naga's attack.
Okay, then.
Wield which item (- for none, * to show all)? (? for menu, Esc to quit)
The +8 rapier "Kabau" {venom, -Tele rPois MR+++ Str+4 SInv} stops dripping with poison.
You sense an unholy aura.
U - a +5 flail of draining (weapon)
The naga sharpshooter mumbles some strange words.
The naga sharpshooter magically shoots a bolt.
You block the bolt.
The naga sharpshooter shoots a bolt.
The bolt hits you!
* * * LOW HITPOINT WARNING * * *
As you read the scroll of teleportation, it crumbles to dust.
You feel strangely unstable. The naga warrior spits poison at you.
The splash of poison hits you!
You are more poisoned.
* * * LOW HITPOINT WARNING * * *
The naga warrior constricts you.
The naga hits you from afar with a glaive.
You die...

#.# .. #.# #.# #
....... #.#
.#..$[... #.#
..#...... #.#
#####.#...... #.#
#.. ........ #.#
#N###....#.# .#
#.#
#@NN#....#.####.##
#.#
###SN.....!.......
#.#
####......N.....
#.# #.###....$...
#.# #.[.N........
#.# #..N.........
#.# ##...N.......
#.# #...(.......
#.# #####.######


You could see a naga warrior (inner flame), 2 naga sharpshooters, a mana viper
(inner flame) and a naga (inner flame).

Vanquished Creatures
  An orc warlord (Orc:2)
  3 stone giants
  The ghost of Anon1729 the Thaumaturge, a journeyman GnFE of Ashenzari (D:12)
  Josephine (Snake:1)
  Fannar (D:11)
  A vault guard (D:14)
  5 hydras
  A naga warrior (Snake:1)
  An anaconda (Snake:1)
  15 two-headed ogres
  A catoblepas (D:13)
  A death knight (D:15)
  2 centaur warriors
  2 tengu warriors
  2 ogre magi
  A merfolk avatar (Lair:6)
  7 death yaks
  A naga sharpshooter (Snake:1)
  The ghost of Anon1729 the Magician, a novice GnFE of Ashenzari (D:7)
  2 unseen horrors
  2 sea snakes (Lair:6)
  Pikel (D:7)
  2 orc knights (Orc:2)
  2 naga ritualists (Snake:1)
  6 wizards
  A harpy (Lair:6)
  2 mana vipers (Snake:1)
  A necromancer (D:15)
  3 orc sorcerers
  2 cyclopes
  A wolf spider (Lair:4)
  7 ugly things
  6 manticores
  2 deep elf magi
  Joseph (D:9)
  3 centaur skeletons
  4 naga magi
  11 elephants
  7 black mambas
  13 spiny frogs
  3 gargoyles
  A redback zombie (D:14)
  3 rime drakes
  14 komodo dragons
  9 trolls
  The ghost of anet the Magician, a novice DEWz of Ashenzari (D:4)
  A tengu conjurer (D:15)
  A meliai (shapeshifter) (D:15)
  11 polar bears
  32 blink frogs
  3 hornets
  A dream sheep (Lair:5)
  A snapping turtle (Lair:3)
  A wolf spider simulacrum (D:15)
  3 slime creatures (D:12)
  Grinder (D:4)
  11 hippogriffs
  3 wraiths (Snake:1)
  6 basilisks
  4 wyverns
  27 yaks
  A hog (shapeshifter) (D:15)
  20 humans (D:14)
  A hungry ghost (D:13)
  Grum (D:8)
  3 wargs
  2 soldier ants (D:11)
  2 acid dragons
  9 nagas
  11 water moccasins
  5 porcupines
  2 ice beasts (D:9)
  39 orc warriors
  6 sky beasts
  A black bear (D:7)
  3 necrophages
  4 phantoms
  An eye of draining (D:11)
  14 ogres
  3 boggarts (D:14)
  12 centaurs
  3 wolves
  17 crocodiles
  2 big kobolds (D:12)
  17 bullfrogs
  A gnoll sergeant (D:9)
  A wyvern skeleton (D:12)
  2 wyvern zombies
  3 scorpions
  14 killer bees
  3 howler monkeys (D:9)
  14 wights
  3 electric eels
  4 crimson imps
  2 quasits
  4 centaur zombies
  6 hounds
  2 jellies
  A bullfrog zombie (D:9)
  Crazy Yiuf (D:6)
  23 orc priests
  2 bullfrog skeletons
  22 orc wizards
  5 iguanas
  13 worker ants
  2 hell rats (Lair:5)
  A hound skeleton (D:5)
  A howler monkey zombie (D:5)
  14 adders
  11 gnolls
  A howler monkey skeleton (D:11)
  6 river rats (Lair:5)
  2 shadow imps (D:9)
  An ooze (D:5)
  An adder zombie (D:6)
  4 worms
  3 dart slugs
  6 leopard geckos
  80 orcs
  A ball python (D:5)
  4 giant cockroaches
  6 goblins
  6 hobgoblins
  7 jackals
  4 quokkas
  8 bats
  5 frilled lizards
  12 kobolds
  A quokka skeleton (D:5)
  11 rats
  A fungus (Lair:5)
  2 plants (D:10)
770 creatures vanquished.

Vanquished Creatures (collateral kills)
  Saint Roka (Orc:2)
  A kobold demonologist (D:12)
  An orc warrior (Orc:2)
  2 orc priests (Orc:2)
  3 orcs (Orc:2)
  A kobold (D:12)
9 creatures vanquished.

Vanquished Creatures (others)
  A bush (Lair:6)
  20 fungi
  36 plants
57 creatures vanquished.

Grand Total: 836 creatures vanquished

Notes
Turn   | Place    | Note
-------+----------+-------------------------------------------
     0 | D:1      | RoseArtemis the Minotaur Fighter began the quest for the Orb.
     0 | D:1      | Reached XP level 1. HP: 19/19 MP: 0/0
   243 | D:1      | Reached XP level 2. HP: 27/27 MP: 1/1
   358 | D:1      | Found a shattered altar of Ashenzari.
   763 | D:1      | Reached skill level 4 in Fighting
   806 | D:1      | Reached XP level 3. HP: 33/33 MP: 2/2
  1336 | D:2      | Reached XP level 4. HP: 23/40 MP: 3/3
  2096 | D:3      | Found a shimmering altar of Xom.
  2101 | D:3      | Found a shimmering altar of Xom.
  2103 | D:3      | Found a shimmering altar of Xom.
  2103 | D:3      | Found a shimmering altar of Xom.
  2103 | D:3      | Found a shimmering altar of Xom.
  2104 | D:3      | Found a shimmering altar of Xom.
  2104 | D:3      | Found a shimmering altar of Xom.
  2104 | D:3      | Found a shimmering altar of Xom.
  2116 | D:3      | Reached XP level 5. HP: 43/47 MP: 4/4
  2614 | D:4      | Found an opulent altar of Gozag.
  2776 | D:4      | Noticed Grinder
  2792 | D:4      | Killed Grinder
  2792 | D:4      | Reached skill level 5 in Fighting
  2792 | D:4      | Reached skill level 5 in Maces & Flails
  2792 | D:4      | Reached skill level 5 in Armour
  2792 | D:4      | Reached skill level 5 in Shields
  2792 | D:4      | Reached XP level 6. HP: 56/56 MP: 5/5
  2807 | D:4      | Found a stormy altar of Qazlal.
  2905 | D:4      | Noticed anet's ghost (novice DEWz)
  3117 | D:4      | Killed anet's ghost
  3117 | D:4      | Reached XP level 7. HP: 50/62 MP: 6/6
  3552 | D:4      | Found a shimmering altar of Xom.
  3729 | D:5      | Entered Level 5 of the Dungeon
  3837 | D:5      | Reached skill level 6 in Fighting
  4027 | D:5      | Reached XP level 8. HP: 70/70 MP: 7/7
  4447 | D:5      | Found Wemaotud's General Store.
  4450 | D:5      | Bought a scroll of identify for 24 gold pieces
  4450 | D:5      | Bought a scroll of identify for 24 gold pieces
  4905 | D:6      | Reached skill level 7 in Fighting
  5216 | D:6      | Found a hazy altar of Hepliaklqana.
  5219 | D:6      | Found an ornate altar of the Wu Jian Council.
  5222 | D:6      | Found a snail-covered altar of Cheibriados.
  5346 | D:6      | Found a runed door.
  5851 | D:6      | Noticed Crazy Yiuf
  5857 | D:6      | Killed Crazy Yiuf
  6009 | D:7      | Found Haneguxt's Magic Scroll Emporium.
  6012 | D:7      | Bought a scroll of identify for 22 gold pieces
  6081 | D:7      | Found a staircase to the Ecumenical Temple.
  6142 | D:7      | Reached XP level 9. HP: 79/79 MP: 8/8
  6172 | D:7      | Noticed Pikel
  6186 | D:7      | Killed Pikel
  6186 | D:7      | Reached skill level 8 in Fighting
  6186 | D:7      | Reached skill level 10 in Maces & Flails
  6399 | D:7      | Found a sparkling altar of Nemelex Xobeh.
  6432 | D:7      | Noticed Anon1729's ghost (novice GnFE)
  6470 | D:7      | Killed Anon1729's ghost
  6962 | Temple   | Entered the Ecumenical Temple
  7313 | Temple   | Became a worshipper of Trog the Wrathful
  7416 | D:8      | Noticed Grum
  7428 | D:8      | Killed Grum
  7428 | D:8      | Reached skill level 9 in Fighting
  7548 | D:8      | Reached XP level 10. HP: 43/91 MP: 9/9
  8027 | D:8      | Found an iron altar of Okawaru.
  8095 | D:8      | Found a glowing golden altar of the Shining One.
  8280 | D:8      | Found a glowing silver altar of Zin.
  8280 | D:8      | Found an opulent altar of Gozag.
  8366 | D:9      | Reached * piety under Trog
  8785 | D:9      | Noticed Joseph
  8795 | D:9      | Killed Joseph
  8795 | D:9      | Reached skill level 10 in Fighting
  8795 | D:9      | Reached skill level 10 in Shields
  8800 | D:9      | Reached ** piety under Trog
  8812 | D:9      | Noticed a two-headed ogre
  8853 | D:9      | Killed a two-headed ogre
  9123 | D:9      | Reached XP level 11. HP: 98/101 MP: 10/10
  9793 | D:10     | Entered Level 10 of the Dungeon
  9967 | D:10     | Noticed a brown ugly thing
  9989 | D:10     | Killed a brown ugly thing
 10116 | D:10     | Found a staircase to the Lair.
 10126 | D:10     | Reached *** piety under Trog
 10733 | D:10     | You fall through a shaft for 2 floors!
 10895 | Lair:1   | Entered Level 1 of the Lair of Beasts
 11017 | Lair:1   | Reached skill level 11 in Fighting
 11985 | Lair:1   | Reached skill level 12 in Fighting
 12565 | Lair:2   | Reached **** piety under Trog
 12659 | Lair:2   | Found a labyrinth entrance.
 13978 | Lair:3   | Reached XP level 12. HP: 100/113 MP: 11/11
 13993 | Lair:3   | Reached skill level 13 in Fighting
 14728 | Lair:3   | Noticed a four-headed hydra
 14735 | Lair:3   | Killed a four-headed hydra
 14735 | Lair:3   | Reached skill level 14 in Fighting
 14766 | Lair:3   | Noticed a death yak
 14766 | Lair:3   | Noticed a death yak
 14767 | Lair:3   | Noticed a death yak
 14792 | Lair:3   | Killed a death yak
 14805 | Lair:3   | Killed a death yak
 14818 | Lair:3   | Killed a death yak
 15200 | Lair:3   | Found a staircase to the Snake Pit.
 15447 | Lair:3   | Found a staircase to the Shoals.
 15806 | Lair:4   | Reached skill level 15 in Shields
 15879 | Lair:4   | Reached skill level 15 in Fighting
 16278 | Lair:4   | Reached XP level 13. HP: 124/127 MP: 12/12
 16503 | Lair:4   | Reached ***** piety under Trog
 17056 | Lair:4   | Reached skill level 1 in Dodging
 18429 | Lair:5   | Got a faintly glowing ring mail
 18436 | Lair:5   | Identified the +2 ring mail of the Vestibule of Hell {rPois} (You found it on level 5 of the Lair of Beasts)
 18638 | Lair:5   | Received a gift from Trog
 20100 | D:11     | Noticed Fannar
 20122 | D:11     | Killed Fannar
 20293 | D:11     | Reached skill level 10 in Armour
 20398 | D:11     | Found a staircase to the Orcish Mines.
 20441 | D:11     | Reached skill level 5 in Dodging
 20573 | D:11     | Reached skill level 16 in Fighting
 20916 | D:12     | Noticed Anon1729's ghost (journeyman GnFE)
 20941 | D:12     | Killed Anon1729's ghost
 21662 | D:12     | Found a portal to a secret trove of treasure.
 21841 | D:12     | Received a gift from Trog
 22016 | D:12     | Reached skill level 1 in Staves
 22016 | D:12     | Reached XP level 14. HP: 116/138 MP: 3/13
 22279 | Lair:6   | Entered Level 6 of the Lair of Beasts
 22331 | Lair:6   | Found a staircase to the Slime Pits.
 22393 | Lair:6   | Reached skill level 17 in Fighting
 22525 | Lair:6   | HP: 1/140 [rime drake/flash freeze (8)]
 22537 | Lair:6   | HP: 6/210 [spiny frog (9)]
 23623 | Lair:6   | Reached skill level 5 in Staves
 24473 | Lair:6   | Got a slimy rapier
 24522 | Lair:6   | Paralysed by a hornet for 1 turns
 25052 | Lair:6   | Identified the +6 rapier "Qidiun" {flame, rElec rC+ Str-4} (You found it on level 6 of the Lair of Beasts)
 25351 | Lair:6   | Found the +4 Vampire's Tooth {vamp}
 25912 | Orc:1    | Entered Level 1 of the Orcish Mines
 26220 | D:7      | Bought a scroll of brand weapon for 220 gold pieces
 26421 | Orc:2    | Entered Level 2 of the Orcish Mines
 26439 | Orc:2    | Reached skill level 1 in Bows
 26530 | Orc:2    | Found Raasab's Book Shoppe.
 26582 | Orc:2    | Noticed an orc warlord
 26800 | Orc:2    | Killed an orc warlord
 26834 | Orc:2    | Paralysed by an orc sorcerer for 4 turns
 26841 | Orc:2    | Paralysed by an orc sorcerer for 7 turns
 27207 | Orc:2    | Noticed a stone giant
 27222 | Orc:2    | Killed a stone giant
 27386 | Orc:2    | Noticed a stone giant
 27403 | Orc:2    | Killed a stone giant
 27648 | Orc:2    | Found Qiown's Assorted Antiques.
 27659 | Orc:2    | Bought a scroll of identify for 54 gold pieces
 27659 | Orc:2    | Bought a scroll of identify for 54 gold pieces
 27659 | Orc:2    | Bought a scroll of identify for 54 gold pieces
 27749 | Orc:2    | Found a roughly hewn altar of Beogh.
 27861 | Orc:2    | Found a roughly hewn altar of Beogh.
 27861 | Orc:2    | Found Umazing's General Store.
 27897 | Orc:2    | Received a gift from Trog
 27917 | Orc:2    | Bought a scroll of fear for 59 gold pieces
 27929 | Orc:2    | Found a roughly hewn altar of Beogh.
 28088 | Orc:2    | Found a staircase to the Elven Halls.
 28126 | Orc:2    | Found Zuig's Magic Scroll Shoppe.
 28136 | Orc:2    | Bought a scroll of acquirement for 728 gold pieces
 28151 | Orc:2    | Found Huegaat's Assorted Antiques.
 28263 | Orc:2    | Reached skill level 5 in Bows
 28340 | Orc:2    | Found a roughly hewn altar of Beogh.
 28366 | Orc:2    | Found a roughly hewn altar of Beogh.
 28371 | Orc:2    | Reached XP level 15. HP: 136/149 MP: 12/14
 28464 | Orc:2    | Noticed Saint Roka
 28836 | Orc:2    | Found a roughly hewn altar of Beogh.
 28847 | Orc:2    | Found Eplethay's Armour Shoppe.
 28875 | Orc:2    | Found a roughly hewn altar of Beogh.
 29027 | Orc:2    | HP: 8/223 [troll[Saint Roka] (5)]
 29569 | Orc:2    | Found Dugif's Antique Armour Shop.
 29857 | Orc:2    | Killed Saint Roka
 29865 | Orc:2    | Reached skill level 10 in Staves
 30241 | Orc:2    | Found Xavole's Antique Weapon Boutique.
 30242 | Orc:2    | Found a roughly hewn altar of Beogh.
 30310 | Orc:1    | Reached skill level 18 in Fighting
 31051 | D:13     | Received a gift from Trog
 31158 | D:13     | Got an ichor-stained rapier
 31159 | D:13     | Identified the +8 rapier "Kabau" {venom, -Tele rPois MR+++ Str+4 SInv} (You found it on level 13 of the Dungeon)
 31236 | D:13     | Found Beach's Food Boutique.
 31398 | D:13     | Reached skill level 1 in Short Blades
 31633 | D:13     | Found a blossoming altar of Fedhas.
 32075 | D:14     | Reached ****** piety under Trog
 32095 | D:14     | Received a gift from Trog
 32255 | D:14     | Found a gate to the Vaults.
 32273 | D:14     | Received a gift from Trog
 32602 | D:14     | Found Bexzur's Specialty Armours.
 32753 | D:14     | Reached skill level 5 in Short Blades
 32822 | D:14     | Received a gift from Trog
 32833 | D:14     | Found a sparkling altar of Nemelex Xobeh.
 33042 | D:15     | Entered Level 15 of the Dungeon
 33763 | D:15     | Found a staircase to the Depths.
 34209 | D:15     | Found a burning altar of Makhleb.
 34211 | D:15     | Noticed an Executioner
 34609 | Snake:1  | Entered Level 1 of the Snake Pit
 34650 | Snake:1  | Noticed Josephine
 34935 | Snake:1  | Killed Josephine
 34935 | Snake:1  | Reached XP level 16. HP: 159/159 MP: 15/15
 35124 | Snake:1  | HP: 5/159 [naga sharpshooter/bolt (17)]
 35125 | Snake:1  | Slain by a naga

Vault maps used:
D:1:      nicolae_arrival_memento_mori, evilmike_ruin_ashenzari
D:2:      first_ration
D:3:      hangedman_decor_push, xom_redecorated
D:4:      nicolae_qazlal_general_emergency, kennysheep_mini_moat,
          grunt_gozag_breadcrumbs, uniq_grinder
D:5:      serial_shops, kennysheep_mini, grunt_ministairs_3, glass_columns_b
D:6:      grunt_temple_overflow_diamond, patterned_corridor,
          uniq_crazy_yiuf_cottage
D:7:      lemuel_coloured_pillars_altar, temple_doors_e, serial_shops,
          nicolae_shop_window_shopping, uniq_pikel
D:8:      grunt_temple_overflow_gold_and_silver,
          chequers_temple_overflow_statue_of_worship, uniq_grum
D:9:      serial_glass, glass_columns_a, glass_columns_a,
          minmay_strange_pillars, minmay_strange_pillars, due_unseen_surprise,
          feat_on_display, uniq_joseph
D:10:     dpeg_oklobed_lair
D:11:     orc_0_dummy, hangedman_pestilent_swarm, uniq_fannar
D:12:     enter_trove_0
D:13:     serial_shops, nicolae_shop_behind_doors, fedhas_altar_fruit_tree
D:14:     grunt_vaults_entry_tiered, basic_altar, hangedman_decor_lopped,
          minmay_curled_crystal, eino_curves_03, nicolae_barding_shop
D:15:     grunt_enter_depths_magical_seal, kennysheep_pointless_box,
          makhleb_altar_promises_db
Temple:   hc_temple_tempest_star
Lair:2:   lab_entry_generic, serial_bayou_shore_a, lemuel_fruit_fields
Lair:3:   minmay_shoals_entry_hut, guppyfry_snake_entry_garden,
          grunt_megastairs_1
Lair:4:   nzn_random_ring, infiniplex_staircase_pool
Lair:5:   eino_small_chamber_without_monster, kennysheep_abandoned_house
Lair:6:   gammafunk_lair_ancient_temple, dpeg_slime_entry_corner,
          cheibrodos_lair_lostbears
Snake:1:  nicolae_snake_salamander_stairs, uniq_donald, uniq_josephine,
          uniq_agnes
Orc:2:    grunt_orc_community_town_hall, grunt_orc_community_big_house_1,
          grunt_orc_community_big_house_2, grunt_orc_community_house_1,
          grunt_orc_community_house_3, grunt_orc_community_house_3,
          grunt_orc_community_house_1, grunt_orc_community_house_1,
          grunt_orc_community_house_1, serial_shops, shop_statue,
          nicolae_shop_trees, shop_fountains, nicolae_shop_overgrown_old_shop,
          nicolae_orc_bridge_out

Skill      XL: |  1  2  3  4  5  6  7  8  9 10 11 12 13 14 15 16 |
---------------+-------------------------------------------------+-----
Maces & Flails | 3 4 5 6 7 9 11 13 14 | 14.0
Shields        | 4 5 6 7 9 10 12 15 | 15.0
Fighting       | 4 5 6 7 9 10 12 15 16 17 18 | 18.8
Armour         | 4 5 6 10 11 12 | 12.4
Dodging        | 5 6 7 |  7.1
Staves         | 1 9 10 | 10.3
Bows           | 5 7 |  7.8
Short Blades   | 7 8 |  8.4

Action                   |  1- 3 |  4- 6 |  7- 9 | 10-12 | 13-15 | 16-18 || total
-------------------------+-------+-------+-------+-------+-------+-------++-------
Melee: Flail             |    99 |   122 |   354 |   370 |   495 |       ||  1440
       Headbutt          |    14 |    24 |    61 |   248 |   585 |    39 ||   971
       Mace              |       |       |       |   631 |   870 |       ||  1501
       Lajatang          |       |       |       |       |    34 |       ||    34
       Rapier            |       |       |       |       |   431 |   100 ||   531
Invok: Berserk           |       |       |       |       |     5 |       ||     5
       Trog's Hand       |       |       |       |       |     4 |     1 ||     5
       Brothers in Arms  |       |       |       |       |     2 |       ||     2
  Use: Scroll            |     1 |     8 |     9 |    16 |    24 |     3 ||    61
       Potion            |       |     6 |     2 |     7 |    14 |     4 ||    33
  Eat: Chunk             |     1 |     6 |    12 |    29 |    48 |       ||    96
       Ration            |       |       |     1 |       |     6 |     1 ||     8
Armor: Scale mail        |    18 |       |       |       |       |       ||    18
       Plate armour      |    29 |    84 |   148 |   377 |   112 |       ||   750
       Ring mail         |       |       |       |       |   161 |       ||   161
       Skin              |       |       |       |       |    16 |       ||    16
       Crystal plate arm |       |       |       |       |   321 |    66 ||   387
Dodge: Dodged            |    21 |    28 |    46 |   260 |   817 |    58 ||  1230
Block: Shield            |    51 |    70 |   168 |   519 |  1065 |   118 ||  1991

Table legend:
 A = Spawn XP
 B = Non-spawn XP
 C = Spawn XP percentage of total XP
 D = Spawn monster count
 E = Non-spawn monster count
 F = Spawn count percentage of total count
 G = Total turns spent on level
                    A         B        C        D         E        F      G
               +---------+---------+-------+---------+---------+-------+---------
         Total |       0 |  161784 |   0.0 |       0 |     776 |   0.0 | 35125
               +---------+---------+-------+---------+---------+-------+---------
           D:1 |       0 |      41 |   0.0 |       0 |      22 |   0.0 |   987
           D:2 |       0 |     119 |   0.0 |       0 |      26 |   0.0 |   859
           D:3 |       0 |      55 |   0.0 |       0 |      12 |   0.0 |   734
           D:4 |       0 |     840 |   0.0 |       0 |      12 |   0.0 |  1163
           D:5 |       0 |     576 |   0.0 |       0 |      14 |   0.0 |   723
           D:6 |       0 |     906 |   0.0 |       0 |      28 |   0.0 |  1494
           D:7 |       0 |    2261 |   0.0 |       0 |      14 |   0.0 |  1065
           D:8 |       0 |    1441 |   0.0 |       0 |      21 |   0.0 |  1032
           D:9 |       0 |    5501 |   0.0 |       0 |      61 |   0.0 |  1485
          D:10 |       0 |    1453 |   0.0 |       0 |      15 |   0.0 |  1292
          D:11 |       0 |    6726 |   0.0 |       0 |      30 |   0.0 |  1616
          D:12 |       0 |    7237 |   0.0 |       0 |      37 |   0.0 |  1317
          D:13 |       0 |    7007 |   0.0 |       0 |      31 |   0.0 |  1114
          D:14 |       0 |   14408 |   0.0 |       0 |      49 |   0.0 |  1019
          D:15 |       0 |   14987 |   0.0 |       0 |      34 |   0.0 |  1416
        Lair:1 |       0 |    4670 |   0.0 |       0 |      22 |   0.0 |  1209
        Lair:2 |       0 |    3680 |   0.0 |       0 |      19 |   0.0 |  1833
        Lair:3 |       0 |   12755 |   0.0 |       0 |      38 |   0.0 |  2135
        Lair:4 |       0 |    7014 |   0.0 |       0 |      30 |   0.0 |  2073
        Lair:5 |       0 |   10301 |   0.0 |       0 |      38 |   0.0 |  2479
        Lair:6 |       0 |   19753 |   0.0 |       0 |      51 |   0.0 |  2658
       Snake:1 |       0 |   11923 |   0.0 |       0 |      26 |   0.0 |   243
         Orc:1 |       0 |    3604 |   0.0 |       0 |      32 |   0.0 |  1037
         Orc:2 |       0 |   24526 |   0.0 |       0 |     114 |   0.0 |  3769
               +---------+---------+-------+---------+---------+-------+---------
